 Dungeon Crawl Stone Soup version 0.28.0-53-g5a82cb258f (webtiles) character file.

Game seed: 14662225426816004095

1191 smoyker2 the Skirmisher (level 8, 0/126 HPs)
             Began as a Troll Fighter on Aug 12, 2022.
             Slain by Joseph
             ... wielding a +0 quarterstaff
              (6 damage)
             ... on level 7 of the Dungeon.
             The game lasted 00:05:56 (4881 turns).

smoyker2 the Skirmisher (Troll Fighter)             Turns: 4881, Time: 00:05:56

Health: 0/126      AC: 24    Str: 25    XL:     8   Next: 20%
Magic:  7/7        EV:  1    Int:  4    God:
Gold:   280        SH:  7    Dex: 11    Spells: 4/7 levels left

rFire   . . .      SeeInvis .     - Unarmed
rCold   . . .      Faith    .   b - +0 kite shield
rNeg    . . .      Spirit   .   (armour currently unavailable)
rPois   +          Reflect  .   (helmet currently unavailable)
rElec   .          Harm     .   (cloak currently unavailable)
rCorr   .          Rampage  .   (gloves unavailable)
Will    .....      NoTele   +   (boots unavailable)
Stlth   +.........              (no amulet)
HPRegen 1.11/turn               (no ring)
MPRegen 0.10/turn               (no ring)

@: tree-form
A: stationary, stasis, torment immunity, boosted hp, large, unfitting armour,
(claws 3), regeneration 1, (shaggy fur 1), (tough skin 1)
a: no special abilities


You were on level 7 of the Dungeon.
You were a tree.
You visited 1 branch of the dungeon, and saw 7 of its levels.

You collected 280 gold pieces.

Inventory:

Armour
 a - a +0 robe (melded)
 b - a +0 kite shield (worn)
Jewellery
 e - an amulet of the acrobat
 n - a +4 ring of evasion
 u - a +6 ring of dexterity
Wands
 h - a wand of flame (20)
 p - a wand of iceblast (14)
 q - a wand of acid (14)
 t - a wand of digging (7)
 y - a wand of mindburst (11)
Scrolls
 d - 3 scrolls of identify {unknown}
 g - a scroll of enchant armour {unknown}
 i - a scroll of fear {unknown}
 j - 5 scrolls of teleportation {unknown}
 k - a scroll of noise {unknown}
 l - 2 scrolls of fog {unknown}
 m - 2 scrolls of blinking {unknown}
 v - a scroll of acquirement {unknown}
 w - a scroll of summoning {unknown}
 x - a scroll of torment {unknown}
Potions
 c - a potion of might
 o - 4 potions of curing {unknown}
 r - a potion of ambrosia {unknown}
 s - a potion of heal wounds {unknown}
 z - a potion of magic {unknown}
 A - a potion of attraction {unknown}


   Skills:
 * Level 6.8 Fighting
 - Level 0.2(0.3) Short Blades
 - Level 0.1(0.2) Long Blades
 - Level 0.1(0.2) Axes
 - Level 0.2(0.3) Maces & Flails
 - Level 0.1(0.2) Polearms
 - Level 0.1(0.2) Staves
 - Level 0.3 Slings
 - Level 0.1 Bows
 - Level 0.1 Crossbows
 - Level 0.2(0.4) Throwing
 - Level 2.4 Dodging
 - Level 2.4 Shields
 - Level 4.1 Unarmed Combat
 - Level 0.1 Conjurations
 - Level 0.1 Hexes
 - Level 0.1 Summonings
 - Level 0.2 Necromancy
 - Level 0.1 Translocations
 - Level 0.1 Transmutations
 - Level 0.4 Fire Magic
 - Level 2.3 Ice Magic
 - Level 0.1 Air Magic
 - Level 0.4 Earth Magic
 - Level 0.1 Poison Magic
 - Level 0.2 Invocations


You had 4 spell levels left.
You knew the following spells:

 Your Spells              Type           Power      Damage    Failure   Level
a - Ozocubu's Armour      Ice            1%         N/A       86%         3

Your spell library contained the following spells:

 Spells                   Type           Power      Damage    Failure   Level
 Ensorcelled Hibernation  Hex/Ice        0%         N/A       78%         2
 Magic Dart               Conj           0%         1d3       80%         1
 Passwall                 Tmut/Erth      0%         N/A       88%         2
 Searing Ray              Conj           0%         2d4       90%         2
 Swiftness                Air            0%         N/A       99%         3
 Fulminant Prism          Conj/Hex       0%         3d6       100%        4
 Ozocubu's Refrigeration  Ice            0%         4d5       100%        7


Dungeon Overview and Level Annotations

Branches:
Dungeon (7/15)             Temple (0/1) D:7

Altars:
Dithmenos

Annotations:
D:7 Joseph


Innate Abilities, Weirdness & Mutations

You are a tree.
Your roots penetrate the ground, keeping you stationary.
You cannot be teleported.
You are immune to unholy pain and torment.
Your maximum health is greatly increased.
Your equipment is partially melded.
You are too large for most types of armour.
((You have claws for hands.))
Your natural rate of healing is unusually fast.
((You are covered in fur. (AC +1)))
((You have tough skin. (AC +1)))


Message History

Joseph is lightly wounded.
Joseph hits you with a +0 quarterstaff!
You scratch Joseph.
Joseph is lightly wounded.
Joseph zaps a wand.
You resist with some effort.
You scratch Joseph but do no damage.
Joseph is lightly wounded.
Joseph hits you with a +0 quarterstaff.
You closely miss Joseph.
Joseph is lightly wounded.
You block Joseph's attack.
You claw Joseph!
Joseph is moderately wounded.
Joseph zaps a wand.
Your will is overpowered!
You are confused.
The now-empty wand crumbles to dust.
You barely miss Joseph.
Joseph is moderately wounded.
Joseph hits you with a +0 quarterstaff! Joseph hits you with a +0 quarterstaff.
You're too confused to move!
Joseph hits you with a +0 quarterstaff!
You bump into the rock wall.
Joseph hits you with a +0 quarterstaff!
You scratch Joseph but do no damage.
Joseph is moderately wounded.
Joseph barely misses you.
You scratch Joseph.
Joseph is moderately wounded.
You feel less confused. Joseph hits you with a +0 quarterstaff!
* * * LOW HITPOINT WARNING * * *
You scratch Joseph but do no damage.
Joseph is moderately wounded.
You block Joseph's attack.
You closely miss Joseph.
Joseph is moderately wounded.
Joseph hits you with a +0 quarterstaff!!
* * * LOW HITPOINT WARNING * * *
It was a potion of lignification.
You turn into a tree.
Your +0 robe melds into your body.
Your roots penetrate the ground.
Joseph hits you with a +0 quarterstaff.
You die...

. .. .. #####.. .####.
....... ###...
.....####.......
.......
.....#..#@......
##..>..##....#..♣.....#
.#..... ..#..#..#.....#
.##...###....#..#.....+
..#.###...####..#.....#
..#.#..).#......#.....#
.........#......#.....#
...#.....#......#.....#
.........#......#.....#
..(.#....+......#


You could see Joseph.

Vanquished Creatures
  A black bear (D:4)
  3 ogres (D:5)
  An ice beast (D:5)
  A centaur (D:5)
  A phantom (D:4)
  A bullfrog (D:6)
  A scorpion (D:6)
  A bullfrog zombie (D:6)
  4 hounds
  2 jellies
  2 bullfrog skeletons
  An orc wizard (D:4)
  A hound skeleton (D:5)
  4 gnolls (D:4)
  A howler monkey skeleton (D:6)
  6 adders
  2 white imps
  An ufetubus (D:6)
  An adder skeleton (D:4)
  A worm (D:4)
  2 dart slugs
  5 orcs
  3 endoplasms
  A giant cockroach (D:2)
  4 goblins
  3 hobgoblins
  A quokka (D:4)
  2 ball pythons (D:1)
  2 bats (D:2)
  2 frilled lizards (D:2)
  6 kobolds
  5 rats
72 creatures vanquished.

Notes
Turn   | Place    | Note
-------+----------+-------------------------------------------
     0 | D:1      | smoyker2 the Troll Fighter began the quest for the Orb.
     0 | D:1      | Reached XP level 1. HP: 22/22 MP: 0/0
   778 | D:2      | Reached XP level 2. HP: 21/29 MP: 1/1
   893 | D:2      | Reached XP level 3. HP: 33/36 MP: 2/2
  1550 | D:3      | Reached XP level 4. HP: 44/44 MP: 3/3
  1885 | D:4      | Noticed a black bear
  1890 | D:4      | Killed a black bear
  1891 | D:4      | Reached skill level 3 in Fighting
  1891 | D:4      | Reached XP level 5. HP: 50/54 MP: 4/4
  2050 | D:4      | Noticed a phantom
  2058 | D:4      | Reached skill level 4 in Fighting
  2062 | D:4      | Killed a phantom
  2092 | D:4      | Reached XP level 6. HP: 63/63 MP: 5/5
  2097 | D:4      | Learned a level 3 spell: Ozocubu's Armour
  2158 | D:4      | Found a shadowy altar of Dithmenos.
  2236 | D:4      | Reached skill level 5 in Fighting
  2634 | D:5      | Entered Level 5 of the Dungeon
  2781 | D:5      | Reached XP level 7. HP: 47/72 MP: 6/6
  2917 | D:5      | Reached skill level 1 in Ice Magic
  3971 | D:6      | Reached skill level 6 in Fighting
  4122 | D:6      | Reached XP level 8. HP: 64/83 MP: 7/7
  4845 | D:7      | Found a staircase to the Ecumenical Temple.
  4863 | D:7      | Noticed Joseph
  4880 | D:7      | HP: 3/84 [Joseph/+0 quarterstaff (19)]
  4881 | D:7      | Slain by Joseph

Illustrated notes

Levels and vault maps discovered:
D:1:      mushboom_english_gardens, layout_basic, serial_bayou_crossing
D:2:      layout_basic
D:3:      layout_basic, minivault_23
D:4:      layout_basic, mainiacjoe_overflow_catwalk
D:5:      layout_loops_corners
D:6:      layout_loops_corners
D:7:      layout_gridville, minmay_temple_entry_slanted, uniq_joseph

Skill      XL: |  1  2  3  4  5  6  7 |
---------------+----------------------+-----
Unarmed Combat | 3 4 |  4.1
Fighting       | 3 4 5 6 |  6.8
Ice Magic      | 2 |  2.3
Short Blades   | |  0.2
Long Blades    | |  0.1
Axes           | |  0.1
Maces & Flails | |  0.2
Polearms       | |  0.1
Staves         | |  0.1
Slings         | |  0.3
Bows           | |  0.1
Crossbows      | |  0.1
Throwing       | |  0.2
Dodging        | |  2.4
Shields        | |  2.4
Conjurations   | |  0.1
Hexes          | |  0.1
Summonings     | |  0.1
Necromancy     | |  0.2
Translocations | |  0.1
Transmutations | |  0.1
Fire Magic     | |  0.4
Air Magic      | |  0.1
Earth Magic    | |  0.4
Poison Magic   | |  0.1
Invocations    | |  0.2

Action                   |  1- 3 |  4- 6 |  7- 9 || total
-------------------------+-------+-------+-------++-------
Melee: Unarmed           |    74 |    67 |    91 ||   232
  Use: Potion            |       |       |     1 ||     1
 Stab: Sleeping          |     3 |     1 |       ||     4
Armor: Robe              |    19 |    10 |    26 ||    55
Dodge: Dodged            |    17 |    15 |    34 ||    66
Block: Kite shield       |    22 |    16 |    29 ||    67
